cohdb
Replays
Latest Replays
All Replays
Popular Replays
Top Player Replays
Match Explorer
How It Works
Community
CoH3 Stats
Reddit
Sign in to upload your games and track your stats! →
Sign in with Steam
vs AT (aSIISymbiosis and aSIIWarbringer)
Match 23467962
Overview
Messages
Build Orders
End
Construct Infanterie Kompanie
Kettenkrad Recon Vehicle
Selects Mechanized Battlegroup
MG 42 Machine Gun Team
Grenadier Squad
MG 42 Machine Gun Team
Grenadier Squad
Infanterie Officer Quarters
Construct Panzergrenadier Kompanie
Selects Raid Package
Selects 8 Rad Armored Car
8 Rad Armored Car
Support Elements
Nebelwerfer 42 Rocket Launcher Team
Selects UNKNOWN (2160084)
Nebelwerfer 42 Rocket Launcher Team
Panzergrenadier Squad
Selects Spotting Scopes
Construct Panzer Kompanie
Panther Heavy Tank
Selects Wespe Self-propelled Artillery
Selects Mechanized Assault
aSIISymbiosis
aSIIWarbringer
Mike
PlammX
0
0
Comments
sign in to comment!
No comments posted yet!